 Dungeon Crawl Stone Soup version 0.19-a0-1254-gb9c29c0 (webtiles) character file.

57 Amnesiac the Magician (level 3, -1/19 HPs)
             Began as a Deep Elf Wizard on Aug 27, 2016.
             Slain by a hound (5 damage)
             ... on level 4 of the Dungeon.
             The game lasted 00:02:32 (780 turns).

Amnesiac the Magician (Deep Elf Wizard)              Turns: 780, Time: 00:02:32

Health: -1/19      AC:  2    Str:  4    XL:     3   Next: 73%
Magic:  3/11       EV: 13    Int: 28    God:
Gold:   70         SH:  0    Dex: 13    Spells: 2 memorised, 8 levels left

rFire  . . .     SeeInvis .     j - +0 mace (holy)
rCold  . . .     Gourm    .     a - +0 robe
rNeg   . . .     Faith    .     (no shield)
rPois  .         Spirit   .     b - +0 hat
rElec  .         Dismiss  .     (no cloak)
rCorr  .         Reflect  .     (no gloves)
MR     .....     Harm     .     (no boots)
Stlth  ++........               (no amulet)
                                (no ring)
                                (no ring)

@: brilliant, lethally poisoned (-1 -> -4), repel missiles
A: no striking features
a: no special abilities


You were on level 4 of the Dungeon.
You were not hungry.

You visited 1 branch of the dungeon, and saw 5 of its levels.

You collected 70 gold pieces.

Inventory:

Hand Weapons
 j - a +0 mace of holy wrath (weapon)
Armour
 a - a +0 robe (worn)
 b - a +0 hat (worn)
Scrolls
 e - a scroll of fog {unknown}
Books
 c - a book of Minor Magic

   Spells                             Type                      Level
   a - Magic Dart                     Conjuration                  1
   b - Blink                          Translocation                2
   c - Call Imp                       Summoning                    2
   d - Repel Missiles                 Charms/Air                   2
   e - Slow                           Hexes                        2
   f - Conjure Flame                  Conjuration/Fire             3
   g - Mephitic Cloud                 Conjuration/Poison/Air       3
Comestibles
 d - 2 bread rations
 f - a fruit
 g - a meat ration


   Skills:
 - Level 2.4 Dodging
 - Level 2.4 Stealth
 - Level 4.6 Spellcasting
 + Level 3.9 Conjurations
   Level 1.1 Summonings
   Level 1.1 Translocations


You had 8 spell levels left.
You knew the following spells:

 Your Spells              Type           Power        Failure   Level  Hunger
a - Repel Missiles        Chrm/Air       ###...       1%          2    None
z - Magic Dart            Conj           ####         1%          1    None


Dungeon Overview and Level Annotations

Branches:
Dungeon (5/15)
 Temple: D:4-7

Altars:
The Shining One

Annotations:
D:5 1 runed door, exclusion: centaur


Message History

Press: ? - help, Shift-Dir - straight line, f/p - adder
Aim: an adder (severely wounded)
The magic dart hits the adder.
You kill the adder!
Casting: Magic Dart
Confirm with . or Enter, or press ? or * to list all spells.
Aiming: Magic Dart
Press: ? - help, Shift-Dir - straight line, f - hound
Aim: a hound The magic dart hits the hound.
The hound is lightly wounded.
The hound bites you. The hound misses you.
Unknown command.
It was a potion of cure mutation.
It has a very clean taste.
You feel sick. The hound bites you.
* * * LOW HITPOINT WARNING * * *
It was a potion of brilliance.
You feel clever all of a sudden. The hound bites you.
You die...

#.#### ###
#.# #.#
#######'###
#.#
#.........#
#.######
#.........#
#......#
#.........#
#.####.#
#.........#
#<# #.#
########'###
### #.#
#...@hgg.#
#.#
#.######.#
#.# #.# #.#
#.# #.# #.#
#.# #.# #.#
#.# #.# #.#
#.###.# #.#
#.....# #.#
####### #..


You could see a hound and 2 gnolls.

Vanquished Creatures
  A hound (D:4)
  2 adders (D:4)
  A ball python (D:2)
  4 bats
  A giant cockroach (D:4)
  A hobgoblin (D:1)
  A quokka skeleton (D:4)
  A rat (D:1)
12 creatures vanquished.

Notes
Turn   | Place    | Note
-------+----------+-------------------------------------------
     0 | D:1      | Amnesiac the Deep Elf Wizard began the quest for the Orb.
     0 | D:1      | Reached XP level 1. HP: 10/10 MP: 7/7
   367 | D:4      | Reached XP level 2. HP: 15/15 MP: 5/9
   406 | D:4      | Learned a level 2 spell: Repel Missiles
   444 | D:5      | Entered Level 5 of the Dungeon
   455 | D:5      | Found a runed door.
   474 | D:5      | Found a glowing golden altar of the Shining One.
   476 | D:5      | Noticed a centaur
   754 | D:4      | Reached XP level 3. HP: 19/19 MP: 2/11
   780 | D:4      | Slain by a hound

Vault maps used:
D:1:      minmay_arrival_semitransparent, minmay_vboxes
D:2:      first_bread
D:3:      lemuel_round_altar, minitemple
D:4:      lemuel_crystal_altar, roderic_serpentine_path, grunt_ministairs_5,
          kennysheep_generic_room_13
D:5:      serial_curves, eino_curves_04, eino_curves_01, basic_altar,
          uniq_crazy_yiuf_cottage, uniq_edmund, uniq_menkaure

Skill      XL: |  1  2 |
---------------+-------+-----
Conjurations   | 2 3 |  3.9
Dodging        | |  2.4
Stealth        | |  2.4
Spellcasting   | |  4.6
Summonings     | |  1.1
Translocations | |  1.1

Action                   || total
-------------------------++-------
 Cast: Magic Dart        ||    34
       Repel Missiles    ||     1
  Use: Potion            ||     2
Armor: Robe              ||     2
Dodge: Dodged            ||     8
